 Dungeon Crawl Stone Soup version 0.28.0-53-g5a82cb258f (webtiles) character file.

Game seed: 10707636566110271410

3936 mcbry74 the Grappler (level 10, 0/88 HPs)
             Began as a Troll Berserker on June 24, 2022.
             Was a Priest of Trog.
             Killed from afar by a human (30 damage)
             ... with a bolt of acid
             ... on level 7 of the Dungeon.
             The game lasted 00:15:39 (5526 turns).

mcbry74 the Grappler (Troll Berserker)              Turns: 5526, Time: 00:15:39

Health: 0/88       AC:  4    Str: 29    XL:     10   Next: 1%
Magic:  9/9        EV: 10    Int:  5    God:    Trog [***...]
Gold:   256        SH:  0    Dex:  9    Spells: 9/9 levels left

rFire   . . .      SeeInvis .     - Unarmed
rCold   . . .      Faith    .   (no shield)
rNeg    . . .      Spirit   .   a - +0 animal skin
rPois   .          Reflect  .   (helmet restricted)
rElec   .          Harm     .   (no cloak)
rCorr   .          Rampage  .   (gloves unavailable)
Will    .....                   (boots unavailable)
Stlth   +.........              (no amulet)
HPRegen 1.04/turn               (no ring)
MPRegen 0.11/turn               (no ring)

@: no status effects
A: large, unfitting armour, claws 3, regeneration 1, shaggy fur 1, tough skin 1
a: Renounce Religion, Berserk, Trog's Hand


You were on level 7 of the Dungeon.
You worshipped Trog.
Trog was most pleased with you.
You visited 1 branch of the dungeon, and saw 7 of its levels.

You collected 256 gold pieces.

Inventory:

Hand Weapons
 m - a +1 flail of draining
 r - the +3 whip of Royalism {freeze, rPois}
   (You found it on level 4 of the Dungeon)

   It freezes those it strikes, dealing additional cold damage.
   It can also slow down cold-blooded creatures.
   rPois:     It protects you from poison.
 B - a +0 flail of holy wrath
Missiles
 f - 3 javelins (quivered)
Armour
 a - a +0 animal skin (worn)
 v - a +0 kite shield
Jewellery
 o - a ring of flight
 x - a ring of poison resistance
 A - a ring of see invisible
Wands
 y - a wand of flame (19)
Scrolls
 b - 3 scrolls of silence {unknown}
 c - a scroll of fog {unknown}
 d - 2 scrolls of blinking {unknown}
 e - a scroll of immolation {unknown}
 g - 2 scrolls of noise {unknown}
 h - 3 scrolls of teleportation {unknown}
 l - 5 scrolls of identify {unknown}
 q - a scroll of brand weapon {unknown}
 t - a scroll of vulnerability {unknown}
 w - a scroll of summoning {unknown}
 z - a scroll of enchant armour {unknown}
Potions
 i - 2 potions of curing {unknown}
 j - a potion of cancellation {unknown}
 k - 2 potions of mutation {unknown}
 n - a potion of resistance {unknown}
 p - a potion of might {unknown}
 s - 2 potions of berserk rage {unknown}
 u - a potion of flight {unknown}


   Skills:
 - Level 2.4 Fighting
 + Level 6.5 Maces & Flails
 - Level 2.4 Dodging
 * Level 12.8 Unarmed Combat


You had 9 spell levels left.
You didn't know any spells.
Your spell library was empty.

Dungeon Overview and Level Annotations

Branches:
Dungeon (7/15)
 Temple: D:4-7

Altars:
Dithmenos
Ru

Shops:
D:4 (   D:5 [

Annotations:
D:7 Dowan, Duvessa


Innate Abilities, Weirdness & Mutations

You are too large for most types of armour.
You have claws for hands.
Your natural rate of healing is unusually fast.
You are covered in fur. (AC +1)
You have tough skin. (AC +1)


Message History

Things that are here:
a +0 club; a +0 animal skin A human and a centaur come into view.
Found a stone staircase leading down.
The human shouts!
The centaur shouts!
The centaur wields a +1 shortbow of flaming.
It bursts into flame!
The centaur shoots an arrow.
The arrow hits you! The arrow burns you.
The centaur shoots an arrow.
The arrow hits you. The arrow burns you.
The centaur shoots an arrow.
The arrow barely misses you.
The centaur shoots an arrow.
The arrow hits you! The arrow burns you.
The centaur shoots an arrow.
The arrow hits you! The arrow burns you.
The centaur shoots an arrow.
The arrow hits you. The arrow burns you.
You start resting.
A centaur is nearby!
The centaur unwields a +1 shortbow of flaming.
It stops flaming.
The centaur barely misses you.
The centaur kicks you but does no damage.
A human comes into view.
It is wielding a +0 club and carrying a wand of acid (6).
The centaur hits you. The centaur closely misses you.
You barely miss the centaur.
The human shouts!
The centaur hits you. The centaur barely misses you.
You mangle the centaur!!
You kill the centaur!
Trog accepts your kill.
You claw the human!
The human is moderately wounded.
The human hits you with a +0 flail.
You closely miss the human. Your claw misses the human.
The human is moderately wounded.
The human hits you with a +0 flail!
You closely miss the human.
The human is moderately wounded.
You mangle the human!!
You kill the human!
Trog accepts your kill.
You have reached level 10!
You barely miss the human.
The human zaps a wand.
The bolt of acid hits you!!
You die...

### #.. #.# #.#
#@# #p#
####.### #
#..)..)#
....####.##.#.#
#......##.#.#
######.##.#.#
##.##.#.#
##.[.#.#.#


You could see a human.

Vanquished Creatures
  The ghost of Garym the Skirmisher, an amateur MiBe of Trog (D:5)
  Prince Ribbit (D:5)
  5 humans (D:7)
  5 yaks (D:6)
  2 steam dragons (D:7)
  A water moccasin (D:6)
  Edmund (D:4)
  A black bear (D:6)
  A hornet zombie (D:5)
  A necrophage (D:6)
  A centaur (D:7)
  An ogre (D:6)
  2 bullfrogs (D:7)
  4 scorpions
  A wyvern skeleton (D:5)
  A howler monkey (D:5)
  A bullfrog zombie (D:5)
  3 centaur zombies (D:5)
  2 orc priests
  A jelly (D:6)
  A gnoll shaman (D:7)
  2 bullfrog skeletons
  Terence (D:3)
  4 iguanas
  4 orc wizards
  3 gnolls (D:7)
  6 adders
  A shadow imp (D:6)
  An ufetubus (D:6)
  An adder skeleton (D:4)
  4 worms
  5 dart slugs
  10 orcs
  2 bats
  3 endoplasms (D:1)
  6 giant cockroaches
  7 goblins
  4 hobgoblins
  3 jackals (D:3)
  8 kobolds
  5 quokkas
  5 ball pythons
  3 frilled lizards
  3 rats
128 creatures vanquished.

Vanquished Creatures (others)
  9 fungi (D:5)
9 creatures vanquished.

Grand Total: 137 creatures vanquished

Notes
Turn   | Place    | Note
-------+----------+-------------------------------------------
     0 | D:1      | mcbry74 the Troll Berserker began the quest for the Orb.
     0 | D:1      | Reached XP level 1. HP: 22/22 MP: 0/0
   102 | D:1      | Reached XP level 2. HP: 29/29 MP: 1/1
   220 | D:1      | Found a faded altar of an unknown god.
   329 | D:1      | Reached skill level 4 in Unarmed Combat
   991 | D:2      | Reached XP level 3. HP: 36/36 MP: 2/2
  1074 | D:2      | Reached ** piety under Trog
  1253 | D:2      | You fall into a shaft and drop 1 floor!
  1277 | D:3      | Reached XP level 4. HP: 44/44 MP: 3/3
  1308 | D:2      | Reached skill level 5 in Unarmed Combat
  1844 | D:3      | Noticed Terence
  1850 | D:3      | Killed Terence
  1875 | D:3      | Found a faded altar of an unknown god.
  1879 | D:3      | Found a shadowy altar of Dithmenos.
  1917 | D:3      | Found a sacrificial altar of Ru.
  1954 | D:3      | Reached XP level 5. HP: 37/50 MP: 4/4
  2027 | D:3      | Reached skill level 6 in Unarmed Combat
  2260 | D:4      | Noticed Edmund
  2260 | D:4      | Found Laezxits's Weapon Shop.
  2266 | D:4      | Killed Edmund
  2267 | D:4      | Reached skill level 7 in Unarmed Combat
  2267 | D:4      | Reached XP level 6. HP: 59/59 MP: 5/5
  2696 | D:4      | Identified the +3 whip of Royalism {freeze, rPois}
  2912 | D:5      | Entered Level 5 of the Dungeon
  2924 | D:5      | Noticed Prince Ribbit
  2964 | D:5      | Killed Prince Ribbit
  2965 | D:5      | Reached skill level 1 in Maces & Flails
  2965 | D:5      | Reached skill level 8 in Unarmed Combat
  2965 | D:5      | Reached XP level 7. HP: 29/66 MP: 6/6
  3098 | D:5      | Found a runed translucent gate.
  3098 | D:5      | Found a runed translucent gate.
  3098 | D:5      | Found a runed translucent gate.
  3099 | D:5      | Noticed Garym's ghost (amateur MiBe)
  3122 | D:5      | Killed Garym's ghost
  3123 | D:5      | Reached skill level 9 in Unarmed Combat
  3127 | D:5      | Reached XP level 8. HP: 74/74 MP: 7/7
  3392 | D:5      | Reached *** piety under Trog
  3475 | D:5      | Found Cauh's Armour Shop.
  3771 | D:6      | Reached skill level 10 in Unarmed Combat
  4204 | D:6      | Reached XP level 9. HP: 71/80 MP: 8/8
  4207 | D:6      | Reached skill level 11 in Unarmed Combat
  4210 | D:6      | Reached skill level 5 in Maces & Flails
  4989 | D:7      | Noticed Duvessa
  4991 | D:7      | Noticed Dowan
  5184 | D:7      | Reached skill level 12 in Unarmed Combat
  5526 | D:7      | Reached XP level 10. HP: 30/88 MP: 9/9
  5526 | D:7      | Killed from afar by a human

Illustrated notes

Levels and vault maps discovered:
D:1:      dpeg_arrival_boxorama, layout_basic, chequers_ecumenical_altar_simple,
          serial_park_tiny_1, minmay_misc_feat_x
D:2:      wander_river, layout_basic, serial_aquarium, aquarium_bridge_square
          [aquarium_subvault_wall, aquarium_subvault_balcony,
          aquarium_subvault_bridge, aquarium_subvault_window],
          aquarium_bridge_square [aquarium_subvault_bridge,
          aquarium_subvault_bridge, aquarium_subvault_balcony,
          aquarium_subvault_window], aquarium_window_fake, aquarium_window_1,
          aquarium_window_corridor_3, aquarium_view_2g
D:3:      layout_basic, nicolae_overflow_ecumenical_swirl,
          nicolae_ru_awakened_eye, uniq_terence
D:4:      layout_rooms, serial_shops, nicolae_shop_bloodbath_and_beyond,
          uniq_edmund
D:5:      layout_basic, gammafunk_ghost_necromancy, serial_aquarium,
          aquarium_bridge_square [aquarium_subvault_bridge,
          aquarium_subvault_balcony, aquarium_subvault_bridge,
          aquarium_subvault_balcony], aquarium_bridge_straight
          [aquarium_subvault_bridge, aquarium_subvault_wall,
          aquarium_subvault_bridge, aquarium_subvault_wall], aquarium_window_1,
          aquarium_window_fake, aquarium_view_2d, serial_shops, shop,
          hex_medium, uniq_prince_ribbit1
D:6:      layout_basic
D:7:      layout_loops_ring, minmay_temple_entry_drinking_statues,
          minmay_ruffians, uniq_duvessa

Skill      XL: |  1  2  3  4  5  6  7  8  9 |
---------------+----------------------------+-----
Unarmed Combat | 4 5 7 8 9 10 12 | 12.8
Maces & Flails | 1 2 4 6 |  6.5
Fighting       | |  2.4
Dodging        | |  2.4

Action                   |  1- 3 |  4- 6 |  7- 9 | 10-12 || total
-------------------------+-------+-------+-------+-------++-------
Melee: Unarmed           |    90 |   116 |   180 |     1 ||   387
       Punch             |     2 |     3 |    12 |       ||    17
       Flail             |       |       |     4 |       ||     4
Invok: Berserk           |       |     1 |     1 |       ||     2
       Trog's Hand       |       |       |     1 |       ||     1
 Stab: Sleeping          |     2 |       |       |       ||     2
Armor: Animal skin       |    15 |    22 |    20 |       ||    57
Dodge: Dodged            |    32 |    50 |    63 |       ||   145
